 Dungeon Crawl Stone Soup version 0.17.0-27-g4a3f43e (webtiles) character file.

23 Khael the Grasshopper (level 2, 0/14 HPs)
             Began as a Spriggan Warper on Nov 21, 2015.
             Slain by a hobgoblin (3 damage)
             ... on level 1 of the Dungeon.
             The game lasted 00:06:26 (743 turns).

Khael the Grasshopper (Spriggan Warper)              Turns: 743, Time: 00:06:26

Health: 0/14       AC:  2    Str:  7    XL:     2   Next: 72%
Magic:  7/7        EV: 19    Int: 14    God:
Gold:   39         SH:  0    Dex: 15    Spells: 1 memorised, 6 levels left

rFire  . . .     SeeInvis +     k - +0 dagger
rCold  . . .     Clarity  .     b - +0 robe
rNeg   . . .     SustAt   .     (shield restricted)
rPois  .         Gourm    .     (helmet restricted)
rElec  .         Spirit   .     (no cloak)
rCorr  .         Warding  .     (gloves unavailable)
rMut   .         Stasis   .     (boots unavailable)
MR     .....                    (no amulet)
Stlth  +.........               (no ring)
                                (no ring)

@: very quick, not resistant to hostile enchantments, very unstealthy
A: unfitting armour, see invisible, herbivore 3, speed 3, slow metabolism 2
a: no special abilities


You were on level 1 of the Dungeon.
You were not hungry.

You visited 1 branch of the dungeon, and saw 1 of its levels.

You collected 39 gold pieces.

Inventory:

Hand Weapons
 a - a +0 short sword
 i - a +0 short sword
 k - a +0 dagger (weapon)
Missiles
 e - 5 tomahawks of dispersal (quivered)
Armour
 b - a +0 robe (worn)
Jewellery
 g - a +2 ring of intelligence {unknown}
 j - an uncursed ring of fire {unknown}
Scrolls
 d - a scroll of blinking
 h - a scroll of remove curse {unknown}
Books
 c - a book of Spatial Translocations

   Spells                             Type                      Level
   a - Apportation                    Translocation                1
   b - Blink                          Translocation                2
   c - Shroud of Golubria             Charms/Translocation         2
   d - Portal Projectile              Translocation                3
   e - Teleport Other                 Translocation                3
   f - Passage of Golubria            Translocation                4
Comestibles
 f - a bread ration


   Skills:
 + Level 1.6 Fighting
 + Level 2.4 Short Blades
 + Level 1.0 Throwing
 + Level 4.0 Dodging
 + Level 3.1 Spellcasting
 + Level 5.0 Translocations


You had 6 spell levels left.
You knew the following spells:

 Your Spells              Type           Power        Failure   Level  Hunger
a - Apportation           Tloc           ###.......   2%          1    #......


Dungeon Overview and Level Annotations

Branches:
Dungeon (1/15)

Altars:


Innate Abilities, Weirdness & Mutations

You are tiny and cannot use many weapons and most armour.
You have supernaturally acute eyesight.
You are a herbivore.
You cover ground extremely quickly.
You need consume almost no food.


Message History

You hit the hobgoblin but do no damage. The hobgoblin closely misses you.
You hit the hobgoblin but do no damage. The hobgoblin hits you.
You closely miss the hobgoblin. The hobgoblin misses you.
You hit the hobgoblin but do no damage. The hobgoblin closely misses you.
You closely miss the hobgoblin. The hobgoblin barely misses you.
You hit the hobgoblin but do no damage. You hit the hobgoblin.
The hobgoblin is heavily wounded.
The hobgoblin hits you.
* * * LOW HITPOINT WARNING * * *
You closely miss the hobgoblin.
The hobgoblin is heavily wounded.
The hobgoblin misses you.
You hit the hobgoblin but do no damage.
The hobgoblin is heavily wounded.
The hobgoblin hits you but does no damage.
You barely miss the hobgoblin.
The hobgoblin is heavily wounded.
The hobgoblin hits you.
You die...

# ###### .....# ##
#### ####+# #. ..#
######.#####.# . .
......g@...#.#####
.## #
######.###.#.....#
..#
...#.....###.###.#
###.....#
#####.#...#
#...#.# ........#
#.#.### ###.#.#
#.# ....# #...#
#...# .# ....#
#.### #.###.# #.#
... ######.#
#.....# # .#..#
#......### #.###.#


You could see a hobgoblin.

Vanquished Creatures
  3 hobgoblins (D:1)
  6 bats (D:1)
  A giant newt (D:1)
  4 goblins (D:1)
  8 kobolds (D:1)
22 creatures vanquished.

Notes
Turn   | Place    | Note
--------------------------------------------------------------
     0 | D:1      | Khael the Spriggan Warper began the quest for the Orb.
     0 | D:1      | Reached XP level 1. HP: 10/10 MP: 5/5
   118 | D:1      | Reached XP level 2. HP: 9/14 MP: 7/7
   643 | D:1      | Reached skill level 5 in Translocations
   743 | D:1      | Slain by a hobgoblin

Action                   || total
-------------------------++-------
Melee: Short sword       ||    37
       Dagger            ||    80
 Stab: Sleeping          ||     2
